 Dungeon Sprint DCSS version 0.23.0-38-g208d714 (webtiles) character file.

Game seed: 16019858185246620400

469 Fang the Fighter (level 7, -1/50 HPs)
             Began as a Gargoyle Berserker on Feb 27, 2019.
             Was an Elder of Trog.
             Slain by a slime creature (10 damage)
             ... in the Dungeon (Sprint V: "Ziggurat Sprint").
             The game lasted 00:01:21 (420 turns).

Fang the Fighter (Gargoyle Berserker)                Turns: 420, Time: 00:01:22

Health: -1/50      AC: 33    Str: 22    XL:     7   Next: 9%
Magic:  7/7        EV: 10    Int: 10    God:    Trog [****..]
Gold:   0          SH:  0    Dex: 18    Spells: 6/6 levels left

rFire    . . .     SeeInvis .   B - +1 battleaxe (chop)
rCold    . . .     Gourm    .   (shield currently unavailable)
rNeg     + . .     Faith    .   j - +15 Maxwell's patent armour {-Cast -Tele rElec MR+ rCorr}
rPois    ∞         Spirit   .   (no helmet)
rElec    +         Reflect  .   (no cloak)
rCorr    +         Harm     .   (no gloves)
MR       +....     NoTele   +   (no boots) Stlth ..........NoCast +
                                (no amulet)
HPRegen  0.16/turn              z - ring "Teiwor" {Int+2 Dex+3}
MPRegen  0.10/turn              a - ring "Geanel" {Dex+6 Stlth+}

@: confused, studying Stealth
A: negative energy resistance 1, electricity resistance, unbreathing,
petrification resistance, rot immunity, AC +4
a: Berserk, Trog's Hand, Brothers in Arms, Renounce Religion


You were in the Dungeon.
You worshipped Trog.
Trog was greatly pleased with you.
You were not hungry.

You visited 1 branch

Inventory:

Hand Weapons
 k - a +5 executioner's axe
 B - a +1 battleaxe of chopping (weapon)
Armour
 j - the +15 Maxwell's patent armour (worn) {-Cast -Tele rElec MR+ rCorr}
   (You found it in the Dungeon)

   It insulates you from electricity.
   It affects your resistance to hostile enchantments.
   It prevents spellcasting.
   It prevents most forms of teleportation.
   It provides partial protection from all sources of acid and corrosion.
 C - the +6 ring mail of the Cooper {rPois rC+ rCorr}
   (You found it in the Dungeon)

   It protects you from cold.
   It protects you from poison.
   It provides partial protection from all sources of acid and corrosion.
Jewellery
 a - the ring "Geanel" (right hand) {Dex+6 Stlth+}
   (You found it in the Dungeon)

   [ring of stealth]

   It affects your dexterity (+6).
   It makes you more stealthy.
 z - the ring "Teiwor" (left hand) {Int+2 Dex+3}
   (You found it in the Dungeon)

   [ring of dexterity]

   It affects your intelligence (+2).
   It affects your dexterity (+3).
 D - a +6 ring of strength
 E - a +6 ring of strength
Wands
 w - a wand of disintegration (7)
 x - a wand of iceblast (7)
 y - a wand of acid (7)
 A - a wand of flame (12)
Scrolls
 i - 4 scrolls of blinking
 l - 7 scrolls of fog
 m - a scroll of holy word
 n - 5 scrolls of identify
 o - 5 scrolls of remove curse
 p - 2 scrolls of fear
Potions
 d - 10 potions of curing
 e - 11 potions of heal wounds
 f - 6 potions of haste
 g - 7 potions of magic
 h - 3 potions of berserk rage
 q - 2 potions of brilliance
 r - 2 potions of invisibility
 s - 4 potions of resistance
 t - a potion of experience
 u - 5 potions of agility
 v - 5 potions of might
Books
 b - a manual of Stealth
Comestibles
 c - 7 rations
 F - 7 chunks of flesh


   Skills:
 + Level 8.7 Fighting
 + Level 7.2 Axes
 + Level 8.3 Armour
 + Level 6.3 Dodging


You had 6 spell levels left.
You didn't know any spells.
Your spell library was empty.

Dungeon Overview and Level Annotations

Branches:
Dungeon (1/1)

Altars:
Ashenzari
Cheibriados
Dithmenos
Elyvilon
Fedhas
Gozag
Hepliaklqana
Kikubaaqudgha
Makhleb
Nemelex Xobeh
Okawaru
Qazlal
Ru
Sif Muna
Trog
Uskayaw
Vehumet
Wu Jian
Xom
Yredelemnul
Zin
The Shining One
Beogh
Jiyva
Lugonu

Annotations:
D 1 transporter


Innate Abilities, Weirdness & Mutations

You are resistant to torment.
Your stone body is resilient. (AC +4)
You are immune to poison.
You resist negative energy. (rN+)
You are resistant to electric shocks. (rElec)
You can survive without breathing.
You are immune to petrification.
You are immune to rotting.


Message History

The slime creature hits you but does no damage.
You bump into the unnaturally hard rock wall.
The golden eye blinks at you. You resist with some effort.
The slime creature hits you but does no damage.
The golden eye blinks at you.
You easily resist.
The slime creature hits you but does no damage.
The golden eye blinks!
The slime creature barely misses you.
The slime creature hits you but does no damage.
The golden eye blinks at you.
You are more confused.
The slime creature completely misses you.
The golden eye blinks!
The golden eye blinks!
The slime creature hits you but does no damage.
The golden eye blinks at you.
You are more confused.
The slime creature hits you!
You die...

▓..:).▓..)).▓.....▓
▓.....▓.....▓.....▓
▓..)..▓.....▓.....▓
▓..)..▓.....▓.....▓
▓.[...▓.....▓..©..▓
▓..©..▓..©..▓▓▓▓▓▓▓
▓▓▓▓▓▓▓▓▓▓▓▓▓▓
▓..8©8...▓
▓..[)).@J▓
▓...|..G.▓
▓§.......▓
▓....§...▓
▓.▓....▓.▓
▓...©....▓
▓▓▓▓▓▓▓▓▓▓


You could see a slime creature and a golden eye.

Vanquished Creatures
  Sigmund (D)
  An eye of draining (D)
  Blork the orc (D)
  A small abomination (D)
  A jelly (D)
  Crazy Yiuf (D)
  An iron imp (D)
  Jessica (D)
  An ufetubus (D)
  2 oozes (D)
11 creatures vanquished.

Vanquished Creatures (others)
  A spatial maelstrom (D)
  Prince Ribbit (D)
2 creatures vanquished.

Grand Total: 13 creatures vanquished

Notes
Turn   | Place    | Note
-------+----------+-------------------------------------------
     0 | D        | Found the +6 Majin-Bo {vamp, Archmagi MP+6 Int+6}
     0 | D        | Found the +7 great mace "Firestarter" {inner flame, rF++}
     0 | D        | Fang the Gargoyle Berserker began the quest for the Orb.
     0 | D        | Reached XP level 1. HP: 14/14 MP: 1/1
     0 | D        | Found a blossoming altar of Fedhas.
     1 | D        | Found a transporter.
     1 | D        | Found a viscous altar of Jiyva.
     1 | D        | Found an ancient bone altar of Kikubaaqudgha.
     1 | D        | Found a hazy altar of Hepliaklqana.
     1 | D        | Found a corrupted altar of Lugonu.
     1 | D        | Found an opulent altar of Gozag.
     1 | D        | Found a burning altar of Makhleb.
     2 | D        | Banished a spatial maelstrom
     8 | D        | Found a sparkling altar of Nemelex Xobeh.
     8 | D        | Found an iron altar of Okawaru.
     8 | D        | Found a stormy altar of Qazlal.
     8 | D        | Found a sacrificial altar of Ru.
     9 | D        | Found a deep blue altar of Sif Muna.
    13 | D        | Found the +9 heavy crossbow "Sniper" {velocity, Acc+∞ SInv}
    13 | D        | Found the +10 dark maul {crush}
    13 | D        | Found the +15 Maxwell's patent armour {-Cast -Tele rElec
                  | MR+ rCorr}
    13 | D        | Found the +18 shield of the Gong {rElec rN+ MR+ EV-5}
    13 | D        | Found the cursed +14 obsidian axe {chop, +Fly SInv *Curse}
    29 | D        | Found a bloodstained altar of Trog.
    74 | D        | Entered arena 2.
    74 | D        | Noticed an eye of draining
    74 | D        | Found a transporter.
    79 | D        | Killed an eye of draining
    79 | D        | Reached skill level 5 in Fighting
    79 | D        | Reached skill level 5 in Armour
    79 | D        | Reached XP level 2. HP: 20/22 MP: 0/2
    79 | D        | Reached XP level 3. HP: 25/27 MP: 0/3
    79 | D        | Reached XP level 4. HP: 30/32 MP: 0/4
    83 | D        | Got the ring "Geanel" {Dex+6 Stlth+}
    90 | D        | Entered arena 3.
    90 | D        | Found a transporter.
    92 | D        | Reached ** piety under Trog
    94 | D        | Reached skill level 5 in Axes
    94 | D        | Reached XP level 5. HP: 35/36 MP: 1/5
   107 | D        | Got the ring "Teiwor" {Int+2 Dex+3}
   275 | D        | Entered arena 4.
   275 | D        | Noticed Sigmund
   275 | D        | Noticed Jessica
   275 | D        | Noticed Blork the orc
   275 | D        | Noticed Crazy Yiuf
   275 | D        | Found a transporter.
   278 | D        | Killed Crazy Yiuf
   282 | D        | Killed Jessica
   282 | D        | Reached *** piety under Trog
   282 | D        | Reached skill level 5 in Dodging
   284 | D        | Killed Blork the orc
   284 | D        | Reached XP level 6. HP: 44/44 MP: 6/6
   287 | D        | Killed Sigmund
   287 | D        | Reached **** piety under Trog
   287 | D        | Reached XP level 7. HP: 50/50 MP: 7/7
   296 | D        | Got the +6 ring mail of the Cooper {rPois rC+ rCorr}
   313 | D        | Killed Prince Ribbit
   364 | D        | Entered arena 5.
   364 | D        | Noticed a slime creature
   364 | D        | Noticed a golden eye
   364 | D        | Found a transporter.
   365 | D        | Found the +3 giant club "Skullcrusher" {speed, Str+7}
   420 | D        | Slain by a slime creature

Skill      XL: |  1  2  3  4  5  6 |
---------------+-------------------+-----
Fighting       | 5 6 7 8 |  8.7
Axes           | 4 5 6 7 |  7.2
Armour         | 5 7 8 |  8.3
Dodging        | 3 4 5 6 |  6.3

Action                   |  1- 3 |  4- 6 |  7- 9 || total
-------------------------+-------+-------+-------++-------
Melee: Executioner's axe |     4 |    17 |       ||    21
       Battleaxe         |       |       |    10 ||    10
Invok: Berserk           |       |     1 |       ||     1
Armor: Plate armour      |     3 |    11 |    36 ||    50
Dodge: Dodged            |     3 |    12 |    16 ||    31
